 Dungeon Crawl Stone Soup version 0.31.0-32-g396128a36d (webtiles) character file.

Game seed: 14709031771188959140

5217 rozman the Thaumaturge (level 10, -3/96 HPs)
             Began as an Oni Warper on Mar 24, 2024.
             Was a Believer of Cheibriados.
             Slain by a wolf (6 damage)
             ... on level 10 of the Dungeon.
             The game lasted 00:32:18 (9894 turns).

rozman the Thaumaturge (Oni Warper)                 Turns: 9894, Time: 00:32:19

Health: -3/96      AC:  3    Str: 29    XL:     10   Next: 61%
Magic:  21/24      EV: 10    Int: 25    God:    Cheibriados [**....]
Gold:   591        SH:  0    Dex: 11    Spells: 12/29 levels left

rFire   . . .        a - +9 mace of Xyqoc {freeze, rN+ Str+3 Dex-2}
rCold   . . .        (no shield)
rNeg    + . .        b - +0 robe
rPois   +            (helmet restricted)
rElec   .            (no cloak)
rCorr   .            (gloves unavailable)
SInv    .            (boots unavailable)
Will    +....        (no amulet)
Stlth   +            h - +6 ring of intelligence
HPRegen 0.36/turn    E - ring of poison resistance
MPRegen 0.19/turn

%: no passive effects
@: brilliant, very slow
A: large, unfitting armour, horns 1, tough skin 1, double potion healing,
drunken brawling
a: Renounce Religion, Bend Time


You were on level 10 of the Dungeon.
You worshipped Cheibriados.
Cheibriados was pleased with you.
You visited 2 branches of the dungeon, and saw 12 of its levels.

You collected 591 gold pieces.

Inventory:

Hand Weapons
 a - the +9 mace of Xyqoc (weapon) {freeze, rN+ Str+3 Dex-2}
   (You found it on level 2 of the Dungeon)

   Str+3:     It affects your strength (+3).
   Dex-2:     It affects your dexterity (-2).
   rN+:       It protects you from negative energy.
 o - a +1 glaive of flaming
Missiles
 d - 7 darts of dispersal
 f - 61 stones
 l - 3 throwing nets
 q - 29 poisoned darts (quivered)
 r - 4 curare-tipped darts
Armour
 b - a +0 robe (worn)
 u - +0 acid dragon scales
Jewellery
 h - a +6 ring of intelligence (left hand)
 i - a ring of flight
 E - a ring of poison resistance (right hand)
Wands
 e - a wand of quicksilver (9)
 x - a wand of polymorph (5)
 I - a wand of iceblast (3)
Scrolls
 c - 2 scrolls of blinking
 m - a scroll of fog {unknown}
 t - a scroll of poison {unknown}
 w - a scroll of vulnerability {unknown}
 y - 3 scrolls of teleportation {unknown}
 B - 2 scrolls of immolation {unknown}
 D - a scroll of revelation {unknown}
 K - a scroll of enchant armour {unknown}
 L - 3 scrolls of noise {unknown}
 M - a scroll of fear {unknown}
Potions
 g - a potion of haste
 j - a potion of curing
 k - 5 potions of enlightenment
 n - a potion of might
 s - 2 potions of brilliance
 v - a potion of resistance {unknown}
 z - 3 potions of attraction
 A - 2 potions of invisibility {unknown}
 C - a potion of degeneration {unknown}
 F - 2 potions of berserk rage {unknown}
 G - a potion of heal wounds {unknown}


   Skills:
 - Level 5.0 Fighting
 + Level 6.8 Maces & Flails
 - Level 1.0 Throwing
 - Level 2.1 Dodging
 + Level 10.1 Spellcasting
 + Level 9.2 Translocations
 * Level 4.2 Invocations


You had 12 spell levels left.
You knew the following spells:

 Your Spells              Type           Power      Damage    Failure   Level
a - Manifold Assault      Tloc           73%        N/A       1%          4
b - Blink                 Tloc           100%       N/A       1%          2
c - Teleport Other        Tloc           73%        N/A       1%          3
d - Lesser Beckoning      Tloc           100%       N/A       1%          2
e - Vhi's Electric Charg  Tloc/Air       100%       N/A       7%          4
f - Call Imp              Summ           38%        N/A       8%          2

Your spell library contained the following spells:

 Spells                   Type           Power      Damage    Failure   Level
 Foxfire                  Conj/Fire      76%        2x1d7     4%          1
 Magic Dart               Conj           76%        1d6       4%          1
 Mercury Vapours          Alch/Air       38%        N/A       8%          2
 Hailstorm                Conj/Ice       19%        3d7       14%         3
 Mephitic Cloud           Conj/Alch/Air  19%        N/A       14%         3
 Summon Ice Beast         Ice/Summ       19%        N/A       14%         3
 Freezing Cloud           Conj/Ice/Air   9%         6-21      80%         5
 Plasma Beam              Fire/Air       9%         2x1d20    100%        6
 Sculpt Simulacrum        Ice/Alch       9%         N/A       100%        6
 Starburst                Conj/Fire      9%         6d5       100%        6
 Haunt                    Necr/Summ      9%         N/A       100%        7
 Borgnjor's Revivificati  Necr           9%         N/A       100%        8
 Death's Door             Necr           9%         N/A       100%        9


Dungeon Overview and Level Annotations

Branches:
Dungeon (11/15)            Temple (1/1) D:7
   Lair: D:8-11         Orc: D:9-12

Altars:
Ashenzari
Cheibriados
Dithmenos
Elyvilon
Fedhas
Gozag
Hepliaklqana
Kikubaaqudgha
Makhleb
Nemelex Xobeh
Okawaru
Qazlal
Ru
Sif Muna
Trog
Uskayaw
Vehumet
Wu Jian
Xom
Yredelemnul
Zin
The Shining One

Shops:
D:3 (

Annotations:
D:5 1 runed translucent door
D:6 1 runed translucent door, Crazy Yiuf, Jeremiah
Temple 2 transporters


Innate Abilities, Weirdness & Mutations

You are too large for most types of armour.
You have a pair of small horns on your head.
You have tough skin. (AC +1)
You gain doubled healing and magic from potions.
Whenever you drink a healing potion, you attack all around you.


Message History

The orc shouts!
Your headbutt misses the wolf.
The wolf is almost dead.
You feel less invigorated.
You feel less confused. The wolf closely misses you. The wolf misses you.
The wolf closely misses you. The wolf bites you but does no damage.
The orc priest looks encouraged for a moment.
The orc priest begins to cast a cantrip, but forgets the words!
The wolf bites you!
Casting: Manifold Assault (mildly dangerous; 1% risk of failure)
Confirm with . or Enter, or press ? or * to list all spells.
You feel a surge of power!
Space momentarily warps into an impossible shape!
You thump the wolf! You freeze the wolf. You sock the orc priest!
You freeze the orc priest.
You kill the orc priest!
Cheibriados appreciates the change of pace.
You closely miss the orc. The wolf bites you. The wolf misses you.
The wolf bites you! The wolf barely misses you. The wolf bites you!
The orc wizard hits you with a +0 dagger.
* * * LOW HITPOINT WARNING * * *
Unknown command.
Casting: Manifold Assault (mildly dangerous; 1% risk of failure)
Confirm with . or Enter, or press ? or * to list all spells.
You feel a surge of power!
Space momentarily warps into an impossible shape!
You hit the orc priest. You freeze the orc priest. You barely miss the wraith.
You closely miss the wolf. You hit the orc wizard. You freeze the orc wizard.
You kill the orc wizard!
Cheibriados appreciates the change of pace.
You feel yourself speed up. The wolf bites you!
* * * LOW HITPOINT WARNING * * *
The wolf bites you!
* * * LOW HITPOINT WARNING * * *
The wolf bites you!
* * * LOW HITPOINT WARNING * * *
The wolf bites you.
You die...

##......)##......#....####
##........W.......#.......#
.........oh.......#.......#
...>.)o..o................#
...........o.##.......##.##
...h.........o#.##....####
..........###W...##...#
...........#h##.......#
...........h@).......##
.................#...###
....[...........#......###
...).....................#
....##..........#......###
...............##.......#
......###.....###.....###
..#.. #...))####.....# .
### #...........#..#


You could see a wraith, 2 wolves and 2 orc priests.

Vanquished Creatures
  The ghost of seawaffle the Chopper, a novice MiBe of Trog (D:5)
  Maggie (D:8)
  A troll (D:6)
  Sigmund (D:6)
  A wraith (D:10)
  4 yaks (D:8)
  A steam dragon (D:8)
  A water moccasin (D:8)
  Duvessa (D:6)
  2 orc warriors (D:10)
  An ice beast (D:7)
  A sky beast (D:7)
  A black bear (D:7)
  An ogre (D:5)
  2 centaurs
  2 phantoms (D:5)
  4 kobold brigands
  Blork the orc (D:5)
  2 gnoll sergeants
  3 bullfrogs
  4 scorpions
  Dowan (D:6)
  A killer bee (D:9)
  4 howler monkeys
  8 electric eels
  2 hounds
  2 orc priests
  A jelly (D:6)
  4 iguanas
  3 sleepcaps
  A gnoll bouda (D:6)
  7 orc wizards
  15 gnolls
  A river rat (D:5)
  6 adders
  2 shadow imps (D:6)
  4 ufetubi
  10 dart slugs
  6 ribbon worms
  13 orcs
  6 ball pythons
  A bat (D:3)
  10 endoplasms
  11 giant cockroaches (D:3)
  5 goblins
  8 hobgoblins
  3 quokkas
  21 kobolds
  3 rats
195 creatures vanquished.

Notes
Turn   | Place    | Note
-------+----------+-------------------------------------------
     0 | D:1      | rozman the Oni Warper began the quest for the Orb.
     0 | D:1      | Reached XP level 1. HP: 22/22 MP: 3/3
   156 | D:1      | Reached XP level 2. HP: 31/31 MP: 5/5
   159 | D:1      | Learned a level 2 spell: Blink
   737 | D:1      | Reached XP level 3. HP: 31/37 MP: 7/7
  1218 | D:2      | Identified the +9 mace of Xyqoc {freeze, rN+ Str+3 Dex-2}
  1374 | D:2      | Reached XP level 4. HP: 47/48 MP: 8/8
  1384 | D:2      | Learned a level 4 spell: Manifold Assault
  1595 | D:2      | HP: 2/48 [gnoll/+0 club (2)]
  1924 | D:2      | Reached skill level 3 in Spellcasting
  2309 | D:3      | Reached XP level 5. HP: 55/55 MP: 9/9
  2339 | D:3      | Learned a level 3 spell: Teleport Other
  2614 | D:3      | Reached skill level 5 in Fighting
  2684 | D:3      | Reached XP level 6. HP: 61/66 MP: 9/11
  2775 | D:3      | Found Egufagol's Weapon Shop.
  3100 | D:4      | Reached skill level 5 in Translocations
  3230 | D:4      | Reached skill level 4 in Spellcasting
  3491 | D:4      | Found a shimmering blue altar of Sif Muna.
  3650 | D:5      | Entered Level 5 of the Dungeon
  3656 | D:5      | Reached XP level 7. HP: 72/72 MP: 4/13
  3657 | D:5      | Noticed Blork the orc
  3819 | D:5      | Killed Blork the orc
  3820 | D:5      | Reached skill level 5 in Spellcasting
  3952 | D:5      | Found a radiant altar of Vehumet.
  4228 | D:5      | Found a runed translucent door.
  4236 | D:5      | Noticed seawaffle's ghost (novice MiBe)
  4304 | D:5      | Found a runed translucent door.
  4478 | D:5      | Killed seawaffle's ghost
  4479 | D:5      | Reached skill level 6 in Spellcasting
  4479 | D:5      | Reached XP level 8. HP: 43/80 MP: 3/17
  5036 | D:6      | Learned a level 2 spell: Lesser Beckoning
  5041 | D:6      | Learned a level 4 spell: Vhi's Electric Charge
  5127 | D:6      | Found a stormy altar of Qazlal.
  5127 | D:6      | Found a shimmering altar of Xom.
  5354 | D:6      | Noticed a troll
  5360 | D:6      | Killed a troll
  5361 | D:6      | Reached skill level 7 in Spellcasting
  5444 | D:6      | Reached XP level 9. HP: 85/88 MP: 19/19
  5447 | D:6      | Noticed Duvessa
  5458 | D:6      | Noticed Dowan
  5463 | D:6      | Killed Dowan
  5463 | D:6      | Killed Duvessa
  5885 | D:6      | Noticed Sigmund
  5891 | D:6      | Killed Sigmund
  5892 | D:6      | Reached skill level 5 in Maces & Flails
  6017 | D:6      | Reached skill level 8 in Spellcasting
  6880 | D:6      | Found a runed translucent door.
  6880 | D:6      | Noticed Jeremiah
  6881 | D:6      | Noticed Crazy Yiuf
  7633 | D:7      | Found a staircase to the Ecumenical Temple.
  7659 | Temple   | Found a transporter.
  7659 | Temple   | Found a transporter.
  7659 | Temple   | Found a transporter.
  7659 | Temple   | Found a transporter.
  7659 | Temple   | Entered the Ecumenical Temple
  7682 | Temple   | Became a worshipper of Cheibriados the Contemplative
  7717 | D:7      | Found an ornate altar of the Wu Jian Council.
  7756 | D:7      | Reached skill level 1 in Invocations
  7873 | D:7      | Reached skill level 9 in Spellcasting
  8119 | D:7      | Identified the +4 ring mail of the Bells {Harm rN+}
  8504 | D:7      | Reached * piety under Cheibriados
  8638 | D:8      | Reached XP level 10. HP: 84/96 MP: 3/23
  8852 | D:8      | Noticed Maggie
  8860 | D:8      | Killed Maggie
  9244 | D:8      | Learned a level 2 spell: Call Imp
  9435 | D:8      | You fall into a shaft and drop 3 floors!
  9441 | D:10     | Entered Level 10 of the Dungeon
  9604 | D:10     | Reached ** piety under Cheibriados
  9815 | D:10     | Reached skill level 10 in Spellcasting
  9860 | D:9      | Noticed a two-headed ogre
  9894 | D:10     | HP: 3/96 [wolf (9)]
  9894 | D:10     | Slain by a wolf

Illustrated notes

Levels and vault maps discovered:
D:1:      dpeg_arrival_pits, layout_loops_corners
D:2:      layout_loops_corners
D:3:      minmay_roachtagon, layout_loops_corners, serial_shops, shop,
          kennysheep_cross_bottleneck
D:4:      layout_loops_cross, nicolae_sif_muna_little_library
D:5:      layout_loops_cross, mainiacjoe_overflow_concentric_impassable,
          ebering_ghost_sewer_f, hex_large, uniq_blork_the_orc
D:6:      layout_loops_ring, gammafunk_temple_overflow_wave, serial_bayou,
          serial_bayou_lagoon_a, serial_bayou_pond_b, serial_bayou_lake_a,
          serial_bayou_pond_e, uniq_sigmund, uniq_crazy_yiuf_cottage,
          uniq_jeremiah, uniq_duvessa
D:7:      kennysheep_slugbush, layout_basic, pdpol_wu_jian_five_deadly_venoms,
          minmay_temple_entry_large_hall
D:8:      layout_loops_ring, hangedman_abyss_or_decor_stagger,
          nicolae_zig_zag_zippers, uniq_maggie
D:9:      layout_loops_ring, minmay_starry_boxes
D:10:     layout_cave_pools, erik_lair_orcish_takeover, erik_orc_1
D:11:     layout_irregular_city, dk_noncrumbling_4, tso_altar, uniq_nergalle,
          uniq_urug
Temple:   hellmonk_temple_divided_pantheon

Skill      XL: |  1  2  3  4  5  6  7  8  9 10 |
---------------+-------------------------------+-----
Fighting       | 3 4 5 |  5.0
Translocations | 3 4 5 6 7 8 9 |  9.2
Spellcasting   | 3 4 6 7 9 10 | 10.1
Maces & Flails | 3 4 5 6 |  6.8
Invocations    | 2 4 |  4.2
Throwing       | |  1.0
Dodging        | |  2.1

Action                     |  1- 3 |  4- 6 |  7- 9 | 10-12 || total
---------------------------+-------+-------+-------+-------++-------
  Melee: Mace              |    80 |    71 |   255 |   106 ||   512
         Headbutt          |     8 |     5 |    20 |    11 ||    44
         Punch             |     1 |     3 |     1 |       ||     5
  Throw: Stone             |     2 |       |       |       ||     2
         Dart              |       |     3 |     4 |     1 ||     8
   Cast: Blink             |       |     1 |     1 |     1 ||     3
         Manifold Assault  |       |     2 |    74 |    25 ||   101
    Use: Scroll            |       |       |     6 |     1 ||     7
         Potion            |       |       |     1 |     5 ||     6
 Armour: Robe              |    45 |    49 |   167 |    80 ||   341
  Dodge: Dodged            |    33 |    24 |    91 |    44 ||   192
